 Dungeon Sprint DCSS version 0.30.1-9-gdf580d7c3d (webtiles) character file.

Game seed: 160524644538932724

12015 Heoruswealwe the Phalangite (level 11, -2/118 HPs)
             Began as a Minotaur Fighter on Oct 19, 2023.
             Was an Initiate of Gozag.
             Killed by divine providence
             ... invoked by an orc high priest
              (10 damage)
             ... in the Dungeon (Sprint IX: "|||||||||||||||||||||||||||||").
             The game lasted 00:09:42 (1548 turns).

Heoruswealwe the Phalangite (Minotaur Fighter)      Turns: 1548, Time: 00:09:43

Health: -2/118     AC: 20    Str: 29    XL:     11   Next: 56%
Magic:  10/10      EV:  9    Int:  5    God:    Gozag
Gold:   5551       SH:  0    Dex:  9    Spells: 10/10 levels left

rFire   . . .        b - +2 halberd (protect)
rCold   . . .        (shield currently unavailable)
rNeg    . . .        c - +0 chain mail
rPois   .            (helmet restricted)
rElec   .            h - +0 cloak
rCorr   .            f - +0 pair of gloves
SInv    .            (no boots)
Will    .....        (no amulet) Stlth
                     k - +2 ring of protection
HPRegen 0.39/turn    j - +3 ring of strength
MPRegen 0.12/turn

%: no teleportation
@: no status effects
A: horns 2, retaliatory headbutt
a: Renounce Religion, Potion Petition, Call Merchant, Bribe Branch


You were in the Dungeon.
You worshipped Gozag.
Gozag was greatly pleased with you.
You visited 1 branch You collected 5551 gold pieces.

Inventory:

Hand Weapons
 a - a +0 trident
 b - a +2 halberd of protection (weapon)
Armour
 c - a +0 chain mail (worn)
 d - a +0 buckler
 f - a +0 pair of gloves (worn)
 h - a +0 cloak (worn)
Jewellery
 j - a +3 ring of strength (right hand)
 k - a +2 ring of protection (left hand)
Wands
 l - a wand of acid (10)
Scrolls
 n - a scroll of blinking
 o - a scroll of silence
 p - 2 scrolls of identify
 q - 2 scrolls of enchant weapon
Potions
 g - a potion of haste
 i - 2 potions of berserk rage
 m - a potion of might
 r - 4 potions of curing


   Skills:
 + Level 17.7 Fighting
 * Level 23.7 Polearms
 + Level 17.6 Armour
 - Level 3.6 Shields


You had 10 spell levels left.
You didn't know any spells.
Your spell library was empty.

Dungeon Overview and Level Annotations

Branches:
Dungeon (1/1)

Altars:
Cheibriados
Dithmenos
Elyvilon
Fedhas
Gozag
Hepliaklqana
Kikubaaqudgha
Makhleb
Nemelex Xobeh
Okawaru
Qazlal
Ru
Sif Muna
Trog
Uskayaw
Vehumet
Wu Jian
Xom
Yredelemnul
Zin
The Shining One
Jiyva
Lugonu


Innate Abilities, Weirdness & Mutations

You have a pair of horns on your head.
You reflexively headbutt those who attack you in melee.


Message History

The orcs go into a battle-frenzy!
You closely miss the orc knight.
The orc knight is heavily wounded.
The orc knight barely misses you.
You impale the orc knight!!
The orc knight is almost dead.
The orc high priest is no longer distracted by gold.
The orc warrior no longer looks unusually strong. x2
You hit the orc knight but do no damage.
The orc knight is almost dead.
The orc knight hits you with a +0 glaive!!
* * * LOW HITPOINT WARNING * * *
You completely miss the orc knight.
The orc knight is almost dead.
The orc warrior no longer looks unusually strong.
The orc knight no longer looks unusually strong.
The orc knight hits you but does no damage.
The orc high priest mumbles some strange prayers to Beogh against you.
Beogh smites you!
* * * LOW HITPOINT WARNING * * *
You feel much better.
The orc warrior no longer looks unusually strong.
The orc knight hits you with a +0 glaive!
* * * LOW HITPOINT WARNING * * *
The orc knight roars a battlecry!
The orcs go into a battle-frenzy!
An orc knight comes into view.
It is wielding a +1 bardiche of distortion.
Blink to where?
Press: ? - help, Dir - move target
As you read the scroll of blinking, it crumbles to dust.
The orc knight complains loudly, as Orcs often do.
The orc knight moves out of view.
You feel much better.
You feel better.
The orc knight hits you with a +0 glaive!!
* * * LOW HITPOINT WARNING * * *
The orc high priest mumbles some strange prayers to Beogh against you.
Beogh smites you!
You die...
Your body crumbles into a pile of gold.

,*,*,*,*+*,*,*,▓o▓.▓.▓.▓_▓
,*,*,*,*,*,*,*,▓o▓.▓.▓.▓_▓
,*,*,*,*,*,*,*,▓o▓.▓.▓.▓_▓
,*,*,*,*,*,*,*,▓$▓.▓.▓.▓_▓
,*,*,*,*,*,*,*,▓$▓.▓'▓.▓_▓
,*,*,*,*,*,*,*,▓o▓.▓.▓.▓_▓
,*,*,*,*,*,*,*,▓o▓.▓.▓.▓_▓
,*,*,*,*,*,*,*,▓o▓.▓.▓.▓_▓
,*,*,*,*,*,*,*,▓@▓.▓.▓.▓_▓
,*,*,*,*,*,*,*,▓.▓.▓.▓.▓_▓
,*,*,*,*+*,*,*,▓.▓.▓.▓.▓_▓
,*,*,*,*,*,*,*,▓.▓.▓.▓.▓_▓
,*,*,*,*,*,*,*,▓.▓.▓.▓.▓_▓
,*,*,*,*~*,*,*,▓)▓.▓.▓.▓_▓
,*,*,*,*~*,*,*,▓)▓.▓'▓.▓_▓
,*,*,*,*~*,*,*,▓)▓.▓.▓.▓_▓
,*,*,*,*,*,*,*,▓)▓.▓.▓.▓_▓


You could see 2 orc knights, an orc high priest (strong) and 2 orc warriors.

Vanquished Creatures
  2 dire elephants (D)
  Harold (D)
  A centaur warrior (D)
  A two-headed ogre (D)
  2 orc high priests (D)
  A cyclops (D)
  6 elephants (D)
  2 black mambas (D)
  3 cane toads (D)
  3 komodo dragons (D)
  A troll (D)
  A polar bear (D)
  2 blink frogs (D)
  A slime creature (D)
  A vampire (D)
  A shadow (D)
  A wraith (D)
  2 basilisks (D)
  A yak (D)
  3 water moccasins (D)
  An orc warrior (D)
  A black bear (D)
  A phantom (D)
  A bullfrog (D)
  A gnoll sergeant (D)
  2 scorpions (D)
  A howler monkey (D)
  A jelly (D)
  5 orc priests (D)
  A gnoll bouda (D)
  An orc wizard (D)
  9 orcs (D)
  A ball python (D)
  An endoplasm (D)
  2 goblins (D)
  A kobold (D)
66 creatures vanquished.

Notes
Turn   | Place    | Note
-------+----------+-------------------------------------------
     0 | D        | Heoruswealwe the Minotaur Fighter began the quest for the
                  | Orb.
     0 | D        | Reached XP level 1. HP: 19/19 MP: 0/0
     7 | D        | Reached skill level 3 in Polearms
    15 | D        | Reached skill level 4 in Polearms
    29 | D        | Noticed a black bear
    29 | D        | Noticed a jelly
    29 | D        | Noticed a phantom
    29 | D        | Noticed a scorpion
    31 | D        | Reached XP level 2. HP: 28/28 MP: 1/1
    38 | D        | Killed a scorpion
    39 | D        | Reached skill level 5 in Fighting
    39 | D        | Reached skill level 6 in Polearms
    39 | D        | Reached skill level 5 in Armour
    39 | D        | Reached XP level 3. HP: 36/37 MP: 2/2
    41 | D        | Killed a phantom
    42 | D        | Reached skill level 8 in Polearms
    42 | D        | Reached XP level 4. HP: 41/47 MP: 3/3
    42 | D        | Reached XP level 5. HP: 45/52 MP: 4/4
    46 | D        | Reached skill level 9 in Polearms
    55 | D        | Killed a black bear
    56 | D        | Reached skill level 10 in Polearms
    62 | D        | Found a snail-covered altar of Cheibriados.
    62 | D        | Found a shadowy altar of Dithmenos.
    62 | D        | Found a white marble altar of Elyvilon.
    62 | D        | Found a blossoming altar of Fedhas.
    62 | D        | Found an opulent altar of Gozag.
    63 | D        | Found a hazy altar of Hepliaklqana.
    64 | D        | Found a viscous altar of Jiyva.
    65 | D        | Found an ancient bone altar of Kikubaaqudgha.
    66 | D        | Found a corrupted altar of Lugonu.
    67 | D        | Found a burning altar of Makhleb.
    68 | D        | Found a sparkling altar of Nemelex Xobeh.
    69 | D        | Found an iron altar of Okawaru.
    70 | D        | Became a worshipper of Gozag Ym Sagoz the Greedy
    71 | D        | Found a stormy altar of Qazlal.
    72 | D        | Found a sacrificial altar of Ru.
    73 | D        | Found a shimmering blue altar of Sif Muna.
    74 | D        | Found a bloodstained altar of Trog.
    75 | D        | Found a hide-covered altar of Uskayaw.
    76 | D        | Found a radiant altar of Vehumet.
    77 | D        | Found an ornate altar of the Wu Jian Council.
    78 | D        | Found a shimmering altar of Xom.
    79 | D        | Found a basalt altar of Yredelemnul.
    80 | D        | Found a glowing silver altar of Zin.
    81 | D        | Found a glowing golden altar of the Shining One.
   210 | D        | Noticed a shadow
   210 | D        | Noticed a yak
   210 | D        | Noticed a two-headed ogre
   219 | D        | Killed a two-headed ogre
   220 | D        | Reached skill level 10 in Fighting
   220 | D        | Reached skill level 14 in Polearms
   220 | D        | Reached skill level 10 in Armour
   220 | D        | Reached XP level 6. HP: 35/67 MP: 5/5
   220 | D        | Reached XP level 7. HP: 38/73 MP: 6/6
   234 | D        | Killed a yak
   235 | D        | Reached XP level 8. HP: 39/82 MP: 7/7
   237 | D        | Reached skill level 15 in Polearms
   401 | D        | Noticed a troll
   401 | D        | Noticed a slime creature
   401 | D        | Noticed a centaur warrior
   401 | D        | Noticed a cyclops
   405 | D        | Killed a cyclops
   406 | D        | Reached skill level 16 in Polearms
   411 | D        | Killed a centaur warrior
   412 | D        | Reached skill level 17 in Polearms
   412 | D        | Reached XP level 9. HP: 78/93 MP: 8/8
   420 | D        | Killed a troll
   421 | D        | Reached skill level 18 in Polearms
   665 | D        | Noticed a komodo dragon
   665 | D        | Noticed a cane toad
   668 | D        | Killed a cane toad
   671 | D        | Killed a komodo dragon
   677 | D        | Reached skill level 19 in Polearms
   680 | D        | Noticed a black mamba
   686 | D        | Noticed a cane toad
   697 | D        | Killed a black mamba
   698 | D        | Reached XP level 10. HP: 72/104 MP: 9/9
   698 | D        | Killed a cane toad
   789 | D        | Noticed a black mamba
   789 | D        | Noticed a cane toad
   792 | D        | Killed a cane toad
   793 | D        | Reached skill level 15 in Fighting
   793 | D        | Reached skill level 20 in Polearms
   793 | D        | Reached skill level 15 in Armour
   813 | D        | Killed a black mamba
   832 | D        | Reached skill level 21 in Polearms
   987 | D        | Noticed an elephant
   987 | D        | Noticed a dire elephant
   987 | D        | Noticed an elephant
   987 | D        | Noticed an elephant
   987 | D        | Noticed an elephant
   987 | D        | Noticed a dire elephant
   987 | D        | Noticed an elephant
   993 | D        | Killed a dire elephant
   996 | D        | Killed an elephant
  1002 | D        | Killed an elephant
  1003 | D        | Reached skill level 22 in Polearms
  1003 | D        | Reached XP level 11. HP: 99/115 MP: 10/10
  1011 | D        | Killed a dire elephant
  1148 | D        | Noticed Harold
  1167 | D        | Killed Harold
  1168 | D        | Reached skill level 23 in Polearms
  1332 | D        | Noticed an orc high priest
  1345 | D        | Noticed a sixfirhy
  1355 | D        | Killed an orc high priest
  1518 | D        | Noticed an orc high priest
  1521 | D        | Noticed an orc knight
  1524 | D        | Noticed an orc knight
  1527 | D        | Killed an orc high priest
  1528 | D        | Noticed an orc high priest
  1545 | D        | Noticed an orc knight
  1548 | D        | Killed from afar by an orc high priest

Illustrated notes

Levels and vault maps discovered:
D:        linesprint [early_d, line_temple, items_1, d_10, items_2, lair_1,
          lair_end, items_3, orc_1, orc_end, items_4, d_15, swamp_1, shoals_1,
          snake_1, spider_1, d_20, vaults_1, items_5, swamp_end, shoals_end,
          snake_end, spider_end, vaults_end, d_27, items_6, zot_1, zot_end,
          crypt_end, forest_end, elf_end, slime_end, tomb_end, abyss_end,
          pan_hell_end]

Skill      XL: |  1  2  3  4  5  6  7  8  9 10 11 |
---------------+----------------------------------+-----
Polearms       | 4 6 8 14 17 19 22 23 | 23.7
Fighting       | 4 5 7 10 11 13 14 16 17 | 17.7
Armour         | 4 5 7 10 11 12 14 16 17 | 17.6
Shields        | |  3.6

Action                     |  1- 3 |  4- 6 |  7- 9 | 10-12 || total
---------------------------+-------+-------+-------+-------++-------
  Melee: Trident           |    21 |    13 |       |       ||    34
         Headbutt          |     3 |     4 |    12 |    27 ||    46
         Halberd           |       |     8 |    69 |   147 ||   224
    Use: Potion            |     1 |     2 |     1 |     4 ||     8
         Scroll            |       |       |     1 |     1 ||     2
   Stab: Distracted        |       |       |       |     1 ||     1
 Armour: Scale mail        |     1 |     5 |    24 |    31 ||    61
         Chain mail        |       |       |       |    11 ||    11
  Dodge: Dodged            |     7 |     8 |    18 |    26 ||    59
  Block: Buckler           |     4 |     4 |       |       ||     8
